 Dungeon Crawl Stone Soup version 0.27-a0-668-gb5737ff2c0 (webtiles) character file.

Game seed: 4351904548126369141

121 night the Insei (level 4, -3/37 HPs)
             Began as a Draconian Transmuter on Mar 17, 2021.
             Was an Initiate of Sif Muna.
             Slain by a gnoll
             ... wielding a +0 flail
              (11 damage)
             ... on level 3 of the Dungeon.
             The game lasted 00:08:32 (4011 turns).

night the Insei (Draconian Transmuter)              Turns: 4011, Time: 00:08:32

Health: -3/37      AC:  5    Str: 14    XL:     4   Next: 77%
Magic:  4/7        EV: 11    Int: 14    God:    Sif Muna [......]
Gold:   99         SH:  3    Dex: 12    Spells: 4/7 levels left

rFire    . . .     SeeInvis .     - Unarmed
rCold    . . .     Faith    .   r - +0 buckler "Put-Me-On" {*Drain Regen+ Str+2}
rNeg     . . .     Spirit   .   (armour unavailable)
rPois    .         Reflect  .   (helmet currently unavailable)
rElec    .         Harm     .   (no cloak)
rCorr    .         Rampage  .   (no gloves)
Will     .....                  (boots currently unavailable)
Stlth    +.........             (no amulet)
HPRegen  1.12/turn              (no ring)
MPRegen  0.10/turn              (no ring)

@: appendages (expiring), wereblooded
A: horns 2, talons 2, AC +5, unfitting armour, cold-blooded
a: End Transformation, Renounce Religion


You were on level 3 of the Dungeon.
You worshipped Sif Muna.
Sif Muna was noncommittal.
You had temporarily grown beastly horns and talons.
You visited 2 branches of the dungeon, and saw 6 of its levels.

You collected 99 gold pieces.

Inventory:

Missiles
 j - 8 curare-tipped darts
 k - 16 stones
 l - 32 bolts
 n - 18 sling bullets
 q - 13 arrows
Armour
 g - a +0 pair of boots (melded)
 r - the +0 buckler "Put-Me-On" (worn) {*Drain Regen+ Str+2}
   (You found it on level 4 of the Dungeon)

   It affects your strength (+2).
   It increases your rate of regeneration.
   It causes draining when unequipped.
Scrolls
 b - a scroll of random uselessness {unknown}
 c - 3 scrolls of identify {unknown}
 f - 2 scrolls of holy word {unknown}
 i - a scroll of vulnerability {unknown}
 m - a scroll of acquirement {unknown}
 o - 2 scrolls of fog {unknown}
 p - 2 scrolls of enchant weapon {unknown}
Potions
 a - a potion of attraction {unknown}
 d - 2 potions of curing {unknown}
 e - a potion of flight {unknown}
 h - 2 potions of lignification {unknown}


   Skills:
 + Level 2.3 Fighting
 + Level 2.5 Dodging
 + Level 0.0 Shields
 * Level 4.2 Unarmed Combat
 - Level 2.0 Spellcasting
 + Level 2.8 Transmutations


You had 4 spell levels left.
You knew the following spells:

 Your Spells              Type           Power      Damage    Failure   Level
a - Beastly Appendage     Tmut           18%        N/A       12%         1
b - Wereblood             Tmut           9%         N/A       19%         2

Your spell library contained the following spells:

 Spells                   Type           Power      Damage    Failure   Level
 Spider Form              Tmut/Pois      2%         N/A       54%         3
 Confusing Touch          Hex            1%         N/A       75%         3
 Gell's Gravitas          Tloc           0%         N/A       75%         3
 Ice Form                 Ice/Tmut       5%         N/A       91%         4
 Petrify                  Tmut/Erth      5%         N/A       91%         4
 Blade Hands              Tmut           4%         N/A       98%         5
 Yara's Violent Unravell  Hex/Tmut       2%         3d3       99%         5
 Metabolic Englaciation   Hex/Ice        0%         N/A       100%        5


Dungeon Overview and Level Annotations

Branches:
Dungeon (5/15)             Temple (1/1) D:5

Altars:
Cheibriados
Dithmenos
Elyvilon
Fedhas
Gozag
Hepliaklqana
Kikubaaqudgha
Makhleb
Nemelex Xobeh
Okawaru
Qazlal
Ru
Sif Muna
Trog
Uskayaw
Vehumet
Wu Jian
Xom
Yredelemnul
Zin
The Shining One

Shops:
D:1 ?!*(

Annotations:
D:4 2 transporters


Innate Abilities, Weirdness & Mutations

You have temporarily grown beastly horns and talons.
Your plain brown scales are hard. (AC +5)
You cannot fit into any form of body armour.
You are cold-blooded and may be slowed by cold attacks.


Message History

Found 18 poisoned darts.
The gnoll shouts!
The gnoll hits you from afar with a +0 spear.
Found a transporter.
Okay, then.
Casting: Wereblood (safe; 19% risk of failure)
Confirm with . or Enter, or press ? or * to list all spells.
You grow a pair of large bovine horns.
Your feet morph into talons.
Your +0 pair of boots melds into your body.
Unknown command.
Casting: Beastly Appendage (safe; 12% risk of failure)
Confirm with . or Enter, or press ? or * to list all spells.
Your blood is infused with primal strength.
You block the gnoll's attack. The gnoll hits you but does no damage.
You closely miss the gnoll. You claw the gnoll.
The gnoll is lightly wounded.
The gnoll hits you from afar with a +0 halberd!
The gnoll barely misses you. The gnoll closely misses you.
You barely miss the gnoll.
The gnoll is lightly wounded.
The gnoll hits you from afar with a +0 spear!
You are too injured to fight recklessly!
You are too injured to fight recklessly!
The gnoll shouts!
You hear a shout!
The gnoll hits you with a +0 flail!
* * * LOW HITPOINT WARNING * * *
Found a transporter.
There is a stone staircase leading up, spattered with blood here.
Your transformation is almost over.
The gnoll hits you with a +0 flail.
* * * LOW HITPOINT WARNING * * *
You climb upwards.
Found an escape hatch in the floor.
There is a stone staircase leading down here.
You hit the gnoll but do no damage. You claw the gnoll, but do no damage.
You headbutt the gnoll.
You tail-slap the gnoll, but do no damage.
The gnoll is moderately wounded.
The gnoll hits you with a +0 flail!
You die...

......
#.....
#.....
....#
...#
#..#
#>g#
#@#
###


You could see a gnoll.

Vanquished Creatures
  An orc wizard (D:5)
  3 adders
  2 worms (D:2)
  6 leopard geckos
  3 orcs
  2 ball pythons
  8 bats
  3 goblins
  4 hobgoblins
  4 jackals (D:2)
  8 frilled lizards
  A jackal skeleton (D:5)
  8 kobolds
  6 rats
59 creatures vanquished.

Notes
Turn   | Place    | Note
-------+----------+-------------------------------------------
     0 | D:1      | night the Draconian Transmuter began the quest for the Orb.
     0 | D:1      | Reached XP level 1. HP: 16/16 MP: 3/3
    92 | D:1      | Found Oxzirghelu's General Store.
   231 | D:1      | Reached XP level 2. HP: 7/23 MP: 3/5
   479 | D:1      | Reached skill level 2 in Dodging
   507 | D:1      | Found Coteyxu's Weapon Shop.
   549 | D:1      | Found Xadghemn's Jewellery Emporium.
   623 | D:1      | HP: 2/23 [leopard gecko (2)]
  1086 | D:1      | Found Hevveuts's Magic Scroll Shop.
  1530 | D:1      | Found Eluhuo's Distillery.
  1717 | D:1      | Learned a level 2 spell: Wereblood
  1869 | D:2      | Found a blossoming altar of Fedhas.
  1893 | D:2      | Reached XP level 3. HP: 26/29 MP: 6/6
  2745 | D:2      | Reached skill level 2 in Fighting
  3015 | D:2      | Reached XP level 4. HP: 36/36 MP: 7/7
  3231 | D:3      | You fall into a shaft and drop 2 floors!
  3231 | D:5      | Entered Level 5 of the Dungeon
  3491 | D:5      | Found a bloodstained altar of Trog.
  3573 | D:5      | Found a staircase to the Ecumenical Temple.
  3595 | D:5      | Reached skill level 4 in Unarmed Combat
  3598 | Temple   | Entered the Ecumenical Temple
  3913 | Temple   | Became a worshipper of Sif Muna the Loreminder
  3989 | D:4      | Identified the +0 buckler "Put-Me-On" {*Drain Regen+ Str+2}
  4003 | D:4      | Found a transporter.
  4008 | D:4      | Found a transporter.
  4009 | D:4      | HP: 5/37 [gnoll/+0 flail (3)]
  4011 | D:3      | Slain by a gnoll

Illustrated notes

Levels and vault maps discovered:
D:1:      nzn_arrival_crosshair, layout_basic, serial_shops, shop, shop,
          shop_statue, nicolae_shop_temple_entry_statues_fountains,
          nicolae_shop_temple_entry_statues_fountains,
          chequers_decorated_corner, wad_floor_pattern_1, hex_intersection,
          minmay_small_reverse_x
D:2:      layout_basic, hangedman_glass_teeth, fedhas_ov_isle_minmay
D:3:      layout_basic, serial_corexii_hall, corexii_hall_statues_deadend,
          corexii_hall_statues_t, chequers_hall_statues_wall_a,
          corexii_hall_statues_s, minmay_misc_feat_tower
D:4:      layout_loops_ring, gammafunk_ghost_gnarly_gnolls, nrook_mini_vaults,
          uniq_pikel, uniq_menkaure, uniq_blork_the_orc
D:5:      layout_layer_cave, minmay_temple_entry_water_ring, basic_altar,
          uniq_edmund
Temple:   compressed_dpeg_triangle_lava_temple

Skill      XL: |  1  2  3  4 |
---------------+-------------+-----
Dodging        | 2 |  2.5
Fighting       | 2 |  2.3
Unarmed Combat | 4 |  4.2
Spellcasting   | |  2.0
Transmutations | |  2.8

Action                   |  1- 3 |  4- 6 || total
-------------------------+-------+-------++-------
Melee: Unarmed           |   195 |    49 ||   244
       Kick              |     6 |     7 ||    13
       Tailslap          |     9 |     6 ||    15
       Headbutt          |     6 |     3 ||     9
       Punch             |     1 |       ||     1
 Cast: Beastly Appendage |    10 |     5 ||    15
       Wereblood         |     2 |     2 ||     4
 Stab: Sleeping          |       |     1 ||     1
Armor: Skin              |    74 |    19 ||    93
Dodge: Dodged            |   135 |    39 ||   174
Block: Buckler           |       |     1 ||     1

Table legend: (Time is in decaauts)
 A = Elapsed time spent in this place.
 B = Non-inter-level travel time spent in this place.
 C = Inter-level travel time spent in this place.
 D = Time resting spent in this place.
 E = Time spent auto-exploring this place.
 F = Levels seen in this place.
 G = Mean time per level.
                   A        B        C        D        E       F      G
               +--------+--------+--------+--------+--------+-----+--------+
         Total |   3994 |   3912 |     82 |    898 |   2333 |   6 |  665.7 |
       Dungeon |   3671 |   3610 |     61 |    898 |   2033 |   5 |  734.2 |
        Temple |    322 |    301 |     21 |      0 |    300 |   1 |  322.0 |
               +--------+--------+--------+--------+--------+-----+--------+

Top non-repeatable levels by time:
     D:1: 1755 daAuts
     D:2: 1330 daAuts
     D:5: 428 daAuts
  Temple: 322 daAuts
     D:3: 130 daAuts
     D:4: 26 daAuts
